 Dungeon Crawl Stone Soup version 0.29.1-1-gd02db6906a (webtiles) character file.

Game seed: 5606016000337623430

165 cattimeplz the Poker (level 5, -2/45 HPs)
             Began as a Minotaur Fighter on Sept 19, 2022.
             Was an Initiate of Okawaru.
             Slain by an orc wizard
             ... wielding a +0 dagger
              (3 damage)
             ... on level 4 of the Dungeon.
             The game lasted 00:05:38 (3027 turns).

cattimeplz the Poker (Minotaur Fighter)             Turns: 3027, Time: 00:05:40

Health: -2/45      AC:  6    Str: 20 (22) XL:     5   Next: 21%
Magic:  4/4        EV:  9    Int:  3 (5)  God:    Okawaru [......]
Gold:   202        SH:  0    Dex:  7 (10) Spells: 4/4 levels left

rFire   . . .      SeeInvis .   a - +0 trident
rCold   . . .      Faith    .   c - +0 buckler
rNeg    . . .      Spirit   .   b - +0 scale mail
rPois   .          Reflect  .   (helmet restricted)
rElec   .          Harm     .   (no cloak)
rCorr   .          Rampage  .   (no gloves)
Will    .....                   (no boots)
Stlth   ..........              (no amulet)
HPRegen 0.15/turn               (no ring)
MPRegen 0.09/turn               (no ring)

@: confused, brilliant, about to teleport
A: horns 2, retaliatory headbutt
a: Renounce Religion


You were on level 4 of the Dungeon.
You worshipped Okawaru.
Okawaru was noncommittal.
You visited 2 branches of the dungeon, and saw 5 of its levels.

You collected 202 gold pieces.

Inventory:

Hand Weapons
 a - a +0 trident (weapon)
Missiles
 s - a throwing net (quivered)
Armour
 b - a +0 scale mail (worn)
 c - a +0 buckler (worn)
Jewellery
 r - a ring of flight
 v - an amulet of the acrobat
Scrolls
 h - 2 scrolls of noise {unknown}
 i - 2 scrolls of identify
 k - a scroll of poison
 l - 2 scrolls of immolation {unknown}
 n - a scroll of summoning {unknown}
 t - a scroll of butterflies {unknown}
Potions
 d - 2 potions of might
 f - 2 potions of heal wounds {unknown}
 g - a potion of brilliance
 m - a potion of degeneration
 o - a potion of magic {unknown}
 p - a potion of flight {unknown}
 q - 2 potions of cancellation
 u - a potion of haste {unknown}
 w - a potion of lignification {unknown}


   Skills:
 - Level 3.6 Fighting
 + Level 6.6 Polearms
 - Level 3.6 Armour
 - Level 3.6 Shields


You had 4 spell levels left.
You didn't know any spells.
Your spell library contained the following spells:

 Spells                   Type           Power      Damage    Failure   Level
 Passwall                 Tmut/Erth      0%         N/A       98%         2
 Dragon Form              Tmut           0%         N/A       100%        7
 Lehudib's Crystal Spear  Conj/Erth      0%         10d2      100%        8


Dungeon Overview and Level Annotations

Branches:
Dungeon (4/15)             Temple (1/1) D:4

Altars:
Makhleb
Nemelex Xobeh
Okawaru
Qazlal
Sif Muna
Trog
Wu Jian
Xom
Zin

Shops:
D:3 :

Annotations:
D:4 1 transporter


Innate Abilities, Weirdness & Mutations

You have a pair of horns on your head.
You reflexively headbutt those who attack you in melee.


Message History

The air fills with toxic fumes!
As you read the scroll labelled YDICWU LURETE, it crumbles to dust.
It was a scroll of poison.
The jackal closely misses you. The orc barely misses you.
Something hits you but does no damage. Something hits you.
* * * LOW HITPOINT WARNING * * *
The dart slug launches a dart at you. You block the slug dart.
The jackal barely misses you.
Really walk into that cloud of poison gas? [Y]es or [N]o only, please.
Really walk into that cloud of poison gas?
Okay, then.
Unknown command.
As you read the scroll labelled TEHEETUOJA, it crumbles to dust.
You feel strangely unstable.
It was a scroll of teleportation.
Something hits you but does no damage. The orc misses you.
You furiously retaliate!
You headbutt the orc!
You kill the orc!
Okawaru accepts your kill. Something hits you.
* * * LOW HITPOINT WARNING * * *
The jackal bites you but does no damage.
The dart slug barely misses you.
Okay, then.
It was a potion of degeneration.
There was something very wrong with that liquid.
You feel weakened.
You feel dopey.
You feel clumsy. The jackal closely misses you. Something hits you.
* * * LOW HITPOINT WARNING * * *
Something hits you.
* * * LOW HITPOINT WARNING * * *
The dart slug launches a dart at you.
The slug dart hits you but does no damage.
It was a potion of brilliance.
You feel clever all of a sudden.
The jackal bites you but does no damage.
You hear some strange, mumbled words.
You are confused.
Something hits you.
You die...

##. ### #.........
...#####§# #.........
..+.?#§§####....#.... ..
#.§§§§§§...).#.... ###.
#§§§§§...........
§§.###§§§#.#......##..
.#§###§#§.§§§.......#<....
..§§§§§§{o{##.#..#.##.....
..§§§§§gh@###.#....#......
..§§###§w§##..............
... #§§####......#...... .
#§§..........#......
§§§.[#........ ..##.
§§§§...........##....
#§#§§...#........ ....
###§§.###......... ...
............ ..


You could see a dart slug, an orc, a jackal and a goblin.

Vanquished Creatures
  3 gnolls (D:3)
  4 adders
  3 worms
  2 dart slugs
  5 orcs
  6 ball pythons
  5 bats
  8 endoplasms
  3 giant cockroaches
  10 hobgoblins
  5 jackals
  3 kobolds
  A quokka (D:2)
  3 frilled lizards
  13 goblins
  2 rats (D:1)
76 creatures vanquished.

Notes
Turn   | Place    | Note
-------+----------+-------------------------------------------
     0 | D:1      | cattimeplz the Minotaur Fighter began the quest for the
                  | Orb.
     0 | D:1      | Reached XP level 1. HP: 19/19 MP: 0/0
   257 | D:1      | Reached skill level 3 in Polearms
   269 | D:1      | Reached XP level 2. HP: 25/26 MP: 1/1
   412 | D:1      | Reached skill level 4 in Polearms
   536 | D:1      | Reached XP level 3. HP: 31/31 MP: 2/2
  1011 | D:2      | Reached skill level 5 in Polearms
  1129 | D:2      | Found a faded altar of an unknown god.
  1232 | D:2      | Reached XP level 4. HP: 39/39 MP: 3/3
  1588 | D:3      | Noticed an ogre
  1831 | D:3      | Found Nore's Book Boutique.
  2165 | D:3      | Reached skill level 6 in Polearms
  2481 | D:3      | Reached XP level 5. HP: 45/45 MP: 4/4
  2490 | D:3      | Found a glowing silver altar of Zin.
  2520 | D:3      | Got the Compendium of Energetic Variation
  2540 | D:3      | Found a stormy altar of Qazlal.
  2754 | D:4      | Found a staircase to the Ecumenical Temple.
  2778 | Temple   | Entered the Ecumenical Temple
  2845 | Temple   | Became a worshipper of Warmaster Okawaru
  2891 | D:4      | Found a transporter.
  3025 | D:4      | HP: 2/45 [something (2)]
  3027 | D:4      | Slain by an orc wizard

Illustrated notes

Levels and vault maps discovered:
D:1:      matt_arrival_grand_opening, layout_basic
D:2:      layout_basic, basic_ecumenical_altar, kennysheep_generic_room_6
D:3:      cheibrodos_greedy_goblins, layout_loops_ring, general_overflow_altar,
          lemuel_doored_altar, serial_shops, nicolae_shop_stone
D:4:      layout_cave_pools, mainiacjoe_overflow_six_doors_small,
          nicolae_tso_besieged_by_evil, nicolae_elyvilon_temple_path,
          minmay_temple_entry_tees, gammafunk_ghost_arena
Temple:   nicolae_temple_great_sept

Skill      XL: |  1  2  3  4 |
---------------+-------------+-----
Polearms       | 3 4 5 6 |  6.6
Fighting       | |  3.6
Armour         | |  3.6
Shields        | |  3.6

Action                   |  1- 3 |  4- 6 || total
-------------------------+-------+-------++-------
Melee: Trident           |   108 |    91 ||   199
       Headbutt          |    13 |    11 ||    24
  Use: Potion            |       |     5 ||     5
       Scroll            |       |     3 ||     3
Armor: Scale mail        |    19 |    36 ||    55
Dodge: Dodged            |    29 |    38 ||    67
Block: Buckler           |    20 |    23 ||    43
